 Dungeon Crawl Stone Soup version 0.15-a0-674-g7948ca6 (webtiles) character file.

42 Quh the Charmwright (level 3, 0/25 HPs)
             Began as a High Elf Skald on May 9, 2014.
             Succumbed to an adder's poison
             ... on Level 2 of the Dungeon.
             The game lasted 00:05:56 (1249 turns).

Quh the Charmwright (High Elf Skald)                Turns: 1249, Time: 00:05:56

HP   0/25        AC  4     Str 12      XL: 3   Next: 35%
MP   8/8         EV 12     Int 16      God:
Gold 75          SH  0     Dex 14      Spells:  3 memorised,  1 level left

rFire  . . .     SeeInvis .     a - +0 falchion
rCold  + . .     Clarity  .     i - +2 robe {rC+}
rNeg   . . .     Conserve .     (no shield)
rPois  .         rCorr    .     (no helmet)
rElec  .         rRot     .     (no cloak)
SustAb . .       Spirit   .     (no gloves)
rMut   .         Warding  .     (no boots)
Saprov . . .     Stasis   .     (no amulet)
MR     .....                    (no ring)
                                (no ring)

@: flying, lethally poisoned, not resistant to hostile enchantments, very
unstealthy
A: no striking features
a: Stop Singing


You were on level 2 of the Dungeon.
You were very hungry.

You visited 1 branch of the dungeon, and saw 2 of its levels.

You collected 75 gold pieces.

Inventory:

Hand weapons
 a - a +0,+0 falchion (weapon)
 p - a +0,+0 great sword
Missiles
 g - 21 arrows
 m - 6 sling bullets of frost
 o - 4 poisoned darts (quivered)
 s - 3 darts of frost
Armour
 b - a +0 leather armour
 i - a +2 robe of cold resistance (worn)
Comestibles
 d - a bread ration
 n - a cheese
Scrolls
 e - 2 scrolls of identify {unknown}
 j - 2 scrolls of amnesia {unknown}
 q - a scroll of fear {unknown}
 r - a scroll of remove curse {unknown}
Jewellery
 k - an uncursed amulet of faith {unknown}
Potions
 l - a potion of might {unknown}
 t - a potion of mutation {unknown}
 u - a potion of paralysis {unknown}
Books
 c - a book of Battle

   Spells                             Type                      Level
   *Infusion                          Charms                       1
   *Shroud of Golubria                Charms/Translocation         2
   *Song of Slaying                   Charms                       2
   Spectral Weapon                    Hexes/Charms                 3
   Regeneration                       Charms/Necromancy            3


   Skills:
 + Level 2.4 Fighting
 * Level 2.9 Long Blades
 - Level 0.8 Armour
 + Level 2.1 Dodging
 - Level 2.4 Spellcasting
 * Level 4.3 Charms


You had one spell level left.
You knew the following spells:

 Your Spells              Type           Power        Failure   Level  Hunger
a - Infusion              Chrm           ###...       4%          1    #......
b - Shroud of Golubria    Chrm/Tloc      #.........   14%         2    ##.....
c - Song of Slaying       Chrm           ###.....     8%          2    ##.....


Dungeon Overview and Level Annotations

Branches:
Dungeon (2/15)

Altars:


Message History

You kill the adder!
Your Dodging skill increases to level 2!
* * * LOW HITPOINT WARNING * * *
You feel sick. The bat closely misses you.
You hit the bat.
You kill the bat!
Your song is almost over.
* * * LOW HITPOINT WARNING * * *
You feel sick.
The giant cockroach waves its antennae.
The giant cockroach completely misses you.
Drink which item? (? for menu, Esc to quit)
You feel very buoyant.
You fly up into the air.
It was a potion of flight.
* * * LOW HITPOINT WARNING * * *
You feel sick.
The giant cockroach bites you but does no damage.
Drink which item? (? for menu, Esc to quit)
You feel refreshed.
It was a potion of restore abilities.
You die...

#### ############ .....
#..........# ......
#..........# .......
#..........# s......
#..........# .......
###).........# ###........
..'..........###@s........
.##..........##.%#........
###..........'..######+##
#..........####
###+######## ##


You could see a giant cockroach.

Vanquished Creatures
  An adder (D:2)
  A giant mite (D:1)
  A worm (D:2)
  A giant gecko (D:1)
  A ball python (D:1)
  2 bats
  A giant cockroach (D:2)
  2 hobgoblins (D:1)
  An ooze (D:2)
  A giant newt (D:1)
  3 goblins
  4 kobolds (D:1)
  A rat (D:1)
20 creatures vanquished.

Notes
Turn   | Place    | Note
--------------------------------------------------------------
     0 | D:1      | Quh, the High Elf Skald, began the quest for the Orb.
     0 | D:1      | Reached XP level 1. HP: 14/14 MP: 4/4
    27 | D:1      | Reached XP level 2. HP: 13/19 MP: 0/6
   714 | D:1      | Learned a level 2 spell: Shroud of Golubria
   717 | D:1      | Learned a level 2 spell: Song of Slaying
   858 | D:1      | Reached skill level 4 in Charms
  1049 | D:2      | Reached XP level 3. HP: 10/24 MP: 1/8
  1248 | D:2      | HP: 1/25 [poisoned by an adder]
  1249 | D:2      | Succumbed to an adder's poison

Action                   || total
-------------------------++-------
Melee: Falchion          ||    84
 Cast: Infusion          ||     3
       Song of Slaying   ||     2
       Shroud of Golubri ||     1
  Use: Potion            ||     2
 Stab: Sleeping          ||     2
